 Dungeon Crawl Stone Soup version 0.28-a0-803-g74956062c1 (webtiles) character file.

Game seed: 11166705078421763987

7769 BinkBink the Thaumaturge (level 11, -1/56 HPs)
             Began as a Deep Elf Fire Elementalist on Nov 7, 2021.
             Was a Priest of Vehumet.
             Slain by a basilisk (2 damage)
             ... while petrified by a basilisk
             ... on level 10 of the Dungeon.
             The game lasted 01:00:50 (13602 turns).

BinkBink the Thaumaturge (DEFE)                    Turns: 13602, Time: 01:00:50

Health: -1/56      AC:  5    Str:  5    XL:     11   Next: 1%
Magic:  0/30       EV:  2    Int: 24    God:    Vehumet [***...]
Gold:   366        SH:  0    Dex: 15    Spells: 32/36 levels left

rFire   + . .      SeeInvis .   B - staff of fire
rCold   + . .      Faith    .   (no shield)
rNeg    + + +      Spirit   +   j - +0 robe {rC+}
rPois   ∞          Reflect  .   (no helmet)
rElec   .          Harm     .   (no cloak)
rCorr   +          Rampage  .   (no gloves)
Will    +....                   u - +2 pair of boots
Stlth   +++.......              o - brooch of Shielding {Spirit SH+8}
HPRegen 0.18/turn               p - +4 ring of evasion
MPRegen 0.22/turn               d - ring of resist corrosion

@: petrified, marked
A: no striking features
a: Renounce Religion


You were on level 10 of the Dungeon.
You worshipped Vehumet.
Vehumet was most pleased with you.
You visited 3 branches of the dungeon, and saw 12 of its levels.

You collected 596 gold pieces.
You spent 230 gold pieces at shops.

Inventory:

Armour
 a - a +0 robe
 j - a +0 robe of cold resistance (worn)
 n - a +1 kite shield of protection
 u - a +2 pair of boots (worn)
Magical Staves
 B - a staff of fire (weapon)
 D - a staff of earth
Jewellery
 d - a ring of resist corrosion (right hand)
 o - the brooch of Shielding (around neck) {Spirit SH+8}
   (You found it on level 4 of the Dungeon)

   [amulet of guardian spirit]

   It causes incoming damage to be divided between your reserves of health and
   magic.
   SH:        It affects your SH (+8).
 p - a +4 ring of evasion (left hand)
 y - a +6 ring of strength
 z - a ring of flight
Wands
 s - a wand of flame (30)
 x - a wand of acid (11)
 A - a wand of iceblast (12)
 C - a wand of charming (9)
Scrolls
 g - a scroll of immolation
 h - 3 scrolls of enchant armour
 i - a scroll of silence
 k - a scroll of vulnerability
 r - a scroll of noise {unknown}
 t - 3 scrolls of magic mapping
 v - a scroll of brand weapon {unknown}
 w - 3 scrolls of amnesia
 F - a scroll of torment {unknown}
Potions
 b - 2 potions of curing
 c - a potion of mutation {unknown}
 e - 2 potions of berserk rage {unknown}
 l - 4 potions of heal wounds
 m - 2 potions of degeneration
 q - 2 potions of magic {unknown}
 E - a potion of attraction {unknown}
Miscellaneous
 f - a phantom mirror


   Skills:
 + Level 1.0 Fighting
 + Level 5.3 Dodging
 - Level 3.8 Stealth
 - Level 1.0 Shields
 + Level 13.2 Spellcasting
 + Level 9.4 Conjurations
 + Level 9.0 Fire Magic
 * Level 6.1 Earth Magic


You had 32 spell levels left.
You knew the following spells:

 Your Spells              Type           Power      Damage    Failure   Level
a - Foxfire               Conj/Fire      100%       2x1d9     1%          1
b - Stone Arrow           Conj/Erth      100%       3d13      1%          3

Your spell library contained the following spells:

 Spells                   Type           Power      Damage    Failure   Level
 Sticky Flame             Conj/Fire      74%        2d9       1%          4
 Scorch                   Fire           100%       2d10      1%          2
 Conjure Flame            Conj/Fire      74%        6-21      1%          3
 Dazzling Flash           Conj/Hex       76%        N/A       1%          3
 Inner Flame              Hex/Fire       54%        N/A       1%          3
 Flame Wave               Conj/Fire      74%        3d13      1%          4
 Iskenderun's Mystic Bla  Conj/Tloc      38%        2d9       1%          4
 Starburst                Conj/Fire      37%        6d11      3%          6
 Animate Armour           Summ/Erth      60%        N/A       11%         4
 Lehudib's Crystal Spear  Conj/Erth      26%        10d7      91%         8
 Dispersal                Tloc           7%         N/A       99%         6
 Disjunction              Tloc           7%         N/A       100%        8


Dungeon Overview and Level Annotations

Branches:
Dungeon (10/15)            Temple (1/1) D:4            Lair (1/6) D:8
    Orc: D:9-12

Altars:
Ashenzari
Cheibriados
Dithmenos
Elyvilon
Fedhas
Gozag
Hepliaklqana
Kikubaaqudgha
Makhleb
Nemelex Xobeh
Okawaru
Qazlal
Ru
Sif Muna
Trog
Uskayaw
Vehumet
Wu Jian
Xom
Yredelemnul
Zin
The Shining One

Shops:
D:1 *   D:6 [

Portals:
Trove: D:10 (give 2 scrolls of acquirement)

Annotations:
D:10 Maurice


Message History

You set off the alarm!
A sentinel's mark forms upon you.
You hear an angry hiss.
You hear a shout!
You hear a bellow!
You hear an angry hiss.
You hear a bellow! x4; You hear a shout! x2
A komodo dragon comes into view.
A basilisk comes into view.
The basilisk gazes at you.
You easily resist.
The basilisk gazes at you.
You are slowing down.
Your limbs are stiffening.
A centaur comes into view.
You have turned to stone.
The centaur wields a +0 shortbow.
The centaur shoots an arrow.
The arrow hits you. The basilisk gazes at you.
The centaur shoots an arrow.
The arrow hits you!
A wraith comes into view.
The centaur shoots an arrow.
The arrow hits you! The komodo dragon bites you!!
The centaur shoots an arrow.
The arrow barely misses you.
The arrow hits the komodo dragon!
The komodo dragon bites you!!
The centaur shoots an arrow.
The arrow hits you.
The centaur shoots an arrow.
The arrow hits you! The komodo dragon bites you.
The centaur shoots an arrow.
The arrow hits you. The komodo dragon bites you!! The basilisk bites you!
* * * LOW HITPOINT WARNING * * *
The centaur shoots an arrow.
The arrow hits you.
* * * LOW HITPOINT WARNING * * *
The komodo dragon bites you but does no damage.
The basilisk completely misses you.
The centaur shoots an arrow.
The arrow hits you!
* * * LOW HITPOINT WARNING * * *
The komodo dragon bites you!!
* * * LOW HITPOINT WARNING * * *
Maurice the Thief comes into view.
He is wielding a +0 dagger and carrying a wand of polymorph (1).
The centaur shoots an arrow.
The arrow hits you.
* * * LOW HITPOINT WARNING * * *
The basilisk hisses menacingly.
The basilisk bites you!
You die...

.## ##..##..# ..##
#..##..# ...###).#..@#
....##......##
.....##.....c####
.....##.........##
.....#...........#
.................#
......###.......@##
.....#
##......ll#########
.....
#.......W........## ....
#.................# #..
#.................##
#...................##
.....................##
.....................##.
.............>..........


You could see Maurice, a komodo dragon, a basilisk, a wraith and a centaur.

Vanquished Creatures
  A black mamba (Lair:1)
  2 centaur skeletons (D:9)
  A harpy zombie (D:9)
  Sigmund (D:3)
  A meliai zombie (D:9)
  Edmund (D:4)
  9 water moccasins
  Duvessa (D:3)
  2 hornet zombies (D:9)
  5 orc warriors
  An ice beast (D:7)
  A black bear (D:6)
  2 necrophages
  3 ogres
  3 wolves
  2 centaurs
  A phantom (D:5)
  A kobold brigand (D:7)
  2 bullfrogs (D:8)
  A gnoll sergeant (D:6)
  2 scorpions
  A water moccasin skeleton (D:6)
  Dowan (D:4)
  9 wights (D:7)
  15 killer bees
  3 howler monkeys
  5 centaur zombies
  A bullfrog zombie (D:5)
  2 hounds
  3 jellies
  2 orc priests
  A gnoll shaman (D:8)
  2 bullfrog skeletons
  10 orc wizards
  A scorpion zombie (D:5)
  5 iguanas
  A hound skeleton (D:5)
  A howler monkey zombie (D:9)
  A howler monkey skeleton (D:5)
  3 adders
  13 gnolls
  6 shadow imps
  A white imp (D:4)
  3 worms
  A dart slug (D:2)
  23 orcs
  5 endoplasms
  7 hobgoblins
  12 jackals
  11 kobolds
  8 quokkas
  2 ball pythons (D:1)
  3 bats
  3 frilled lizards (D:3)
  4 goblins
  6 rats
218 creatures vanquished.

Vanquished Creatures (collateral kills)
  5 foxfires
5 creatures vanquished.

Vanquished Creatures (others)
  1152 foxfires
  2 fungi
  3 plants
  6 withered plants (D:9)
1163 creatures vanquished.

Grand Total: 1386 creatures vanquished

Notes
Turn   | Place    | Note
-------+----------+-------------------------------------------
     0 | D:1      | BinkBink the Deep Elf Fire Elementalist began the quest for
                  | the Orb.
     0 | D:1      | Reached XP level 1. HP: 10/10 MP: 6/6
   375 | D:1      | Found Pytu's General Store.
   383 | D:1      | Bought a scroll of identify for 28 gold pieces
   418 | D:1      | Reached XP level 2. HP: 15/15 MP: 5/8
  1059 | D:2      | Reached XP level 3. HP: 8/19 MP: 0/10
  1294 | D:2      | Reached skill level 4 in Spellcasting
  1453 | D:2      | Found a shimmering altar of Xom.
  2431 | D:3      | Noticed Sigmund
  2489 | D:3      | Reached XP level 4. HP: 24/24 MP: 3/12
  2686 | D:3      | Killed Sigmund
  2687 | D:3      | Reached skill level 5 in Spellcasting
  2687 | D:3      | Reached XP level 5. HP: 28/28 MP: 5/15
  2687 | D:3      | Reached XP level 6. HP: 32/32 MP: 5/16
  3131 | D:4      | Found the brooch of Shielding {Spirit SH+8}
  3171 | D:4      | Reached skill level 6 in Spellcasting
  3455 | D:4      | Noticed Duvessa
  3586 | D:4      | Found a hide-covered altar of Uskayaw.
  3587 | D:4      | Found a hazy altar of Hepliaklqana.
  3587 | D:4      | Found a white marble altar of Elyvilon.
  3621 | D:4      | Noticed Edmund
  3634 | D:4      | Killed Edmund
  3635 | D:4      | Reached skill level 7 in Spellcasting
  3635 | D:4      | Reached skill level 5 in Fire Magic
  3635 | D:4      | Reached XP level 7. HP: 23/36 MP: 3/19
  3746 | D:4      | Found a staircase to the Ecumenical Temple.
  3756 | Temple   | Entered the Ecumenical Temple
  4071 | D:4      | Noticed Dowan
  4206 | D:4      | Killed Dowan
  4464 | D:4      | Found a radiant altar of Vehumet.
  4501 | D:4      | Became a worshipper of Vehumet
  5100 | D:5      | Entered Level 5 of the Dungeon
  5507 | D:5      | Found a shimmering blue altar of Sif Muna.
  5565 | D:5      | Reached skill level 5 in Conjurations
  5570 | D:5      | Reached XP level 8. HP: 41/41 MP: 11/21
  5666 | D:5      | Reached skill level 1 in Shields
  5823 | D:5      | Reached skill level 8 in Spellcasting
  5953 | D:5      | Reached * piety under Vehumet
  5953 | D:5      | Offered knowledge of Shock by Vehumet.
  6493 | D:5      | Learned a level 3 spell: Stone Arrow
  6517 | D:6      | Reached skill level 9 in Spellcasting
  6573 | D:6      | Reached skill level 1 in Earth Magic
  7000 | D:6      | Found Dorez's Antique Armour Shoppe.
  7007 | D:6      | Bought a pair of glowing boots for 202 gold pieces
  7190 | D:6      | Reached XP level 9. HP: 33/45 MP: 12/24
  7452 | D:6      | Reached skill level 10 in Spellcasting
  7728 | D:7      | Offered knowledge of Sandblast by Vehumet.
  7865 | D:7      | Reached ** piety under Vehumet
  8878 | D:7      | Reached skill level 11 in Spellcasting
  9280 | D:7      | Found a sacrificial altar of Ru.
  9604 | D:8      | Reached XP level 10. HP: 50/50 MP: 25/27
  9911 | D:8      | Found a staircase to the Lair.
 10664 | D:9      | Offered knowledge of Frozen Ramparts by Vehumet.
 10798 | D:9      | Reached skill level 12 in Spellcasting
 10986 | D:9      | Reached skill level 5 in Earth Magic
 10997 | D:9      | Reached *** piety under Vehumet
 12107 | Lair:1   | Entered Level 1 of the Lair of Beasts
 12268 | Lair:1   | Noticed a black mamba
 12273 | Lair:1   | Killed a black mamba
 12274 | Lair:1   | Reached skill level 5 in Dodging
 12274 | Lair:1   | Reached skill level 13 in Spellcasting
 12420 | Lair:1   | Reached skill level 1 in Fighting
 12448 | Lair:1   | Noticed a six-headed hydra
 12897 | D:3      | Killed Duvessa
 13286 | D:9      | Offered knowledge of Sticky Flame by Vehumet.
 13355 | D:9      | Reached XP level 11. HP: 52/56 MP: 17/30
 13445 | D:10     | Entered Level 10 of the Dungeon
 13487 | D:10     | Found a portal to a secret trove of treasure.
 13602 | D:10     | Noticed Maurice
 13602 | D:10     | HP: 1/56 [centaur/arrow (2)]
 13602 | D:10     | Slain by a basilisk

Illustrated notes

Levels and vault maps discovered:
D:1:      scummos_arrival_simple_crosswalls, layout_basic, serial_shops, shop
D:2:      layout_basic, basic_altar, minmay_crystal_water
D:3:      layout_rooms, minmay_misc_feat_nine_boxes, minmay_circle_x,
          uniq_sigmund
D:4:      layout_basic, nicolae_overflow_quartered_altars,
          minmay_temple_entry_sparse_star, serial_co_window_serial,
          co_window_paths_a, co_window_paths_a, co_window_paths_a,
          co_window_of_opportunity_a, co_window_paths_a,
          co_window_of_opportunity_a, co_window_paths_a, co_window_broadway_c,
          co_window_cross_3, co_window_corner_cb, co_window_unsneaky_path_c,
          co_window_corner_b, co_window_2corner, co_window_corner_b,
          enter_ossuary_2, minmay_small_thing, uniq_edmund, uniq_duvessa
D:5:      layout_gridville, nicolae_overflow_crystal_walls
D:6:      kennysheep_six_static_rooms, layout_cave_pools, serial_shops, shop
D:7:      layout_loops_ring, nicolae_ru_path_of_blood, minmay_parallelograms
D:8:      minmay_chambers_of_sixes, layout_basic, dpeg_oklobed_lair
D:9:      cheibrodos_grave_circle, layout_long_grid
D:10:     layout_layer_cave, enter_trove_2, hangedman_corner_corridor,
          uniq_maurice
Temple:   eino_temple_scatter_basement
Lair:1:   layout_long_grid

Skill      XL: |  1  2  3  4  5  6  7  8  9 10 |
---------------+-------------------------------+-----
Spellcasting   | 4 5 7 9 11 13 | 13.2
Conjurations   | 2 3 4 5 6 7 9 |  9.4
Fire Magic     | 4 5 6 8 9 |  9.0
Stealth        | 3 |  3.8
Dodging        | 3 4 5 |  5.3
Shields        | 1 |  1.0
Earth Magic    | 2 4 6 |  6.1
Fighting       | 1 |  1.0

Action                   |  1- 3 |  4- 6 |  7- 9 | 10-12 || total
-------------------------+-------+-------+-------+-------++-------
Melee: Unarmed           |       |     1 |       |       ||     1
       Staff             |       |       |       |     1 ||     1
 Cast: Foxfire           |   101 |    73 |   307 |   213 ||   694
       Stone Arrow       |       |       |    26 |    44 ||    70
  Use: Scroll            |       |       |     3 |    10 ||    13
       Potion            |       |       |     1 |     1 ||     2
Armor: Robe              |    10 |       |     4 |    13 ||    27
Dodge: Dodged            |    22 |    11 |    28 |    86 ||   147
Block: Other             |       |       |    23 |    39 ||    62

Table legend: (Time is in decaauts)
 A = Elapsed time spent in this place.
 B = Non-inter-level travel time spent in this place.
 C = Inter-level travel time spent in this place.
 D = Time resting spent in this place.
 E = Time spent auto-exploring this place.
 F = Levels seen in this place.
 G = Mean time per level.
                   A        B        C        D        E       F      G
               +--------+--------+--------+--------+--------+-----+--------+
         Total |  13621 |  12282 |   1339 |      0 |   8997 |  12 | 1135.1 |
       Dungeon |  13183 |  11881 |   1302 |      0 |   8709 |  10 | 1318.3 |
        Temple |    177 |    140 |     37 |      0 |    124 |   1 |  177.0 |
          Lair |    260 |    260 |      0 |      0 |    164 |   1 |  260.0 |
               +--------+--------+--------+--------+--------+-----+--------+

Top non-repeatable levels by time:
     D:7: 2050 daAuts
     D:8: 1730 daAuts
     D:4: 1712 daAuts
     D:5: 1544 daAuts
     D:2: 1514 daAuts
     D:9: 1220 daAuts
     D:3: 1194 daAuts
     D:6: 1138 daAuts
     D:1: 920 daAuts
  Lair:1: 260 daAuts
  Temple: 177 daAuts
    D:10: 157 daAuts
